 Dungeon Crawl Stone Soup version 0.28-a0-1447-ga5a8893891 (webtiles) character file.

Game seed: 13499689135960112358

151 Shayle the Ducker (level 5, 0/38 HPs)
             Began as a Djinni Air Elementalist on Jan 11, 2022.
             Slain by an orc (2 damage)
             ... on level 2 of the Dungeon.
             The game lasted 00:04:43 (2933 turns).

Shayle the Ducker (Djinni Air Elementalist)         Turns: 2933, Time: 00:04:44

Health: 0/38       AC:  2    Str:  7    XL:     5   Next: 59%
Gold:   80         EV: 10    Int: 19    God:
                   SH:  0    Dex: 13

rFire   + + .      SeeInvis .   d - +0 short sword (venom)
rCold   x . .      Faith    .   (no shield)
rNeg    . . .      Spirit   .   a - +0 robe
rPois   ∞          Reflect  .   (no helmet)
rElec   .          Harm     .   (no cloak)
rCorr   .          Rampage  .   (no gloves)
Will    .....                   (boots unavailable)
Stlth   ++........              (no amulet)
HPRegen 0.12/turn               (no ring)
MPRegen 0.00/turn               (no ring)

@: mighty, flying, constricted
A: sickness immunity, fire resistance 2, cold vulnerability 1, float, innate
caster, hp casting, extra vitality 1, claws 1, noise suppression
a: no special abilities


You were on level 2 of the Dungeon.
You visited 1 branch of the dungeon, and saw 3 of its levels.

You collected 80 gold pieces.

Inventory:

Hand Weapons
 d - a +0 short sword of venom (weapon)
Armour
 a - a +0 robe (worn)
Jewellery
 e - an amulet of reflection
Scrolls
 c - 2 scrolls of immolation
 g - 2 scrolls of magic mapping {unknown}
Potions
 b - a potion of brilliance {unknown}


   Skills:
 + Level 2.2 Fighting
 + Level 3.4 Dodging
 + Level 2.7 Stealth
 + Level 3.1 Spellcasting


You couldn't memorise any spells.
You knew the following spells:

 Your Spells              Type           Power      Damage    Failure   Level
a - Shock                 Conj/Air       56%        1d6       4%          1
b - Static Discharge      Conj/Air       14%        N/A       6%          2
c - Swiftness             Air            14%        N/A       13%         3
d - Airstrike             Air            7%         N/A       38%         4
e - Foxfire               Conj/Fire      56%        2x1d6     4%          1
f - Ensorcelled Hibernat  Hex/Ice        28%        N/A       6%          2
Your spell library was empty.

Dungeon Overview and Level Annotations

Branches:
Dungeon (3/15)

Altars:
Xom

Annotations:
D:2 1 runed translucent door, Crazy Yiuf


Innate Abilities, Weirdness & Mutations

You are immune to sickness and miasma.
You are immune to poison.
Your flesh is very heat resistant. (rF++)
You are vulnerable to cold. (rC-)
You float through the air rather than walking.
You learn spells naturally, not from books.
Your magical power is your life essence.
You have superior vitality. (+4 MHP)
You have sharp fingernails.
You passively dampen the noise of your surroundings.


Message History

Really attack while wielding nothing?
Okay, then.
It was a potion of curing.
You feel better. The orc wizard closely misses you. The ball python bites you.
* * * LOW HITPOINT WARNING * * *
The ball python closely misses you. The orc misses you.
Really attack while wielding nothing? [Y]es or [N]o only, please.
Really attack while wielding nothing?
Okay, then.
Your +0 short sword of venom begins to drip with poison!
d - a +0 short sword of venom (weapon)
The orc wizard gestures at you while chanting.
You resist with some effort. The ball python closely misses you. x2
You completely miss the orc wizard.
The orc wizard is almost dead.
The ball python misses you. The ball python barely misses you.
The orc completely misses you. The orc wizard closely misses you.
You closely miss the orc wizard.
The orc wizard is almost dead.
The ball python misses you. The ball python grabs you.
The ball python constricts you. The orc hits you with a +0 short sword.
* * * LOW HITPOINT WARNING * * *
The orc wizard hits you with a +0 dagger of venom.
* * * LOW HITPOINT WARNING * * *
The ball python bites you.
* * * LOW HITPOINT WARNING * * *
The ball python constricts you.
* * * LOW HITPOINT WARNING * * *
Unknown command.
Unknown command.
You puncture the orc wizard!
You kill the orc wizard!
The orc barely misses you. The ball python bites you.
* * * LOW HITPOINT WARNING * * *
The ball python constricts you.
You barely miss the orc.
The orc is moderately wounded.
The orc hits you with a +0 short sword.
You die...

######### #.......# #.#####.#
###.#####.#######
#...............#
#.#..####.#####.#
######.#...###.# #.#
#.........).##.# #.#
#.######..@o...#####.##### #.#
##S#######........# #.# #.#
#.##.....# #.# #.# #.##.###.#
#####.#######'## #.##...#.#
#.........##...## #.##.#.#)#
#.###.###.#.....## #.##.....#
#.#.#.# #........## #........#
#.....###.........####...#.####


You could see an orc and a ball python.

Vanquished Creatures
  An orc wizard (D:2)
  Natasha (thrice) (D:2)
  An adder (D:2)
  A dart slug (D:1)
  3 orcs
  3 endoplasms (D:1)
  2 giant cockroaches
  7 goblins
  6 hobgoblins
  A quokka (D:1)
  3 ball pythons (D:1)
  A bat (D:2)
  2 frilled lizards
  4 kobolds
  2 rats (D:1)
40 creatures vanquished.

Vanquished Creatures (others)
  79 foxfires
79 creatures vanquished.

Grand Total: 119 creatures vanquished

Notes
Turn   | Place    | Note
-------+----------+-------------------------------------------
     0 | D:1      | Shayle the Djinni Air Elementalist began the quest for the
                  | Orb.
     0 | D:1      | Reached XP level 1. HP: 15/15 MP: 0/0
   222 | D:1      | Reached XP level 2. HP: 20/22 MP: 0/0
   620 | D:1      | Reached skill level 1 in Fighting
   620 | D:1      | Reached XP level 3. HP: 10/27 MP: 0/0
   620 | D:1      | Learned a level 1 spell: Foxfire
  1353 | D:2      | Found a faded altar of an unknown god.
  1457 | D:2      | Found a shimmering altar of Xom.
  1809 | D:2      | Noticed Natasha
  1817 | D:2      | Killed Natasha
  1818 | D:2      | Reached XP level 4. HP: 28/32 MP: 0/0
  1881 | D:2      | Noticed Natasha
  1891 | D:2      | Killed Natasha
  2071 | D:2      | Noticed Natasha
  2077 | D:2      | Killed Natasha
  2078 | D:2      | Reached XP level 5. HP: 24/38 MP: 0/0
  2078 | D:2      | Learned a level 2 spell: Ensorcelled Hibernation
  2505 | D:2      | Found a runed translucent door.
  2506 | D:2      | Noticed Crazy Yiuf
  2927 | D:2      | Gained mutation: You passively dampen the noise of your
                  | surroundings. [potion of mutation]
  2927 | D:2      | Gained mutation: You have sharp fingernails. [potion of
                  | mutation]
  2933 | D:2      | Slain by an orc

Illustrated notes

Levels and vault maps discovered:
D:1:      wheals_arrival_linesprint, layout_rooms
D:2:      layout_loops_corners, basic_altar,
          hellmonk_ecumenical_altar_leap_of_faith, uniq_natasha,
          uniq_crazy_yiuf_cottage
D:3:      layout_rooms, serial_shops, shop, grunt_ministairs_9

Skill      XL: |  1  2  3  4  5 |
---------------+----------------+-----
Fighting       | 1 2 |  2.2
Stealth        | 2 |  2.7
Dodging        | 3 |  3.4
Spellcasting   | 3 |  3.1

Action                   |  1- 3 |  4- 6 || total
-------------------------+-------+-------++-------
Melee: Short sword       |       |     4 ||     4
 Cast: Shock             |    31 |       ||    31
       Foxfire           |    22 |    25 ||    47
       Ensorcelled Hiber |       |     3 ||     3
  Use: Scroll            |     1 |       ||     1
       Potion            |       |     3 ||     3
Armor: Robe              |     1 |     3 ||     4
Dodge: Dodged            |     3 |    37 ||    40

Table legend: (Time is in decaauts)
 A = Elapsed time spent in this place.
 B = Non-inter-level travel time spent in this place.
 C = Inter-level travel time spent in this place.
 D = Time resting spent in this place.
 E = Time spent auto-exploring this place.
 F = Levels seen in this place.
 G = Mean time per level.
                   A        B        C        D        E       F      G
               +--------+--------+--------+--------+--------+-----+--------+
         Total |   2943 |   2793 |    150 |    299 |   2191 |   3 |  981.0 |
       Dungeon |   2943 |   2793 |    150 |    299 |   2191 |   3 |  981.0 |
               +--------+--------+--------+--------+--------+-----+--------+

Top non-repeatable levels by time:
     D:2: 1594 daAuts
     D:1: 1323 daAuts
     D:3: 26 daAuts
